 Dungeon Crawl Stone Soup version 0.30-a0-779-g7971cf19c3 (webtiles) character file.

Game seed: 9864585643320791903

58107 cforsyth the Scorcher (level 14, 0/98 HPs)
             Began as a Tengu Fire Elementalist on Feb 18, 2023.
             Was a High Priest of Vehumet.
             Succumbed to a cane toad's poison
             ... on level 4 of the Lair of Beasts.
             The game lasted 01:21:03 (29679 turns).

cforsyth the Scorcher (Tengu Fire Elementalist)    Turns: 29679, Time: 01:21:03

Health: 0/98       AC: 14    Str: 14    XL:     14   Next: 89%
Magic:  14/29      EV: 14    Int: 14    God:    Vehumet [*****.]
Gold:   1871       SH:  5    Dex: 14    Spells: 25/34 levels left

rFire   . . .      SeeInvis .    q - staff of conjuration
rCold   + . .      Faith    .    (no shield)
rNeg    . . .      Spirit   .    S - +1 troll leather armour {Snorg}
rPois   .          Reflect  +    (helmet restricted)
rElec   .          Harm     .    v - +0 cloak
rCorr   .          Rampage  .    k - +1 pair of gloves
Will    ++...                    (boots unavailable)
Stlth   ++                       s - amulet of reflection
HPRegen 1.16/turn                y - +4 ring of protection
MPRegen 0.21/turn                Q - ring of protection from cold

@: lethally poisoned (0 -> -25), flying quickly and evasively, quick
A: beak, talons 3, nimble flight, dopey 1, strong-willed 1
a: Renounce Religion


You were on level 4 of the Lair of Beasts.
You worshipped Vehumet.
Vehumet was extremely pleased with you.
You visited 3 branches of the dungeon, and saw 19 of its levels.
You also visited: Sewer and Ice Cave.

You collected 1871 gold pieces.

Inventory:

Hand Weapons
 t - the +9 dagger of Dyqimakk {pain, Stlth+}
   (You found it on level 6 of the Dungeon)

   Stlth:     It makes you more stealthy.
 W - the +8 whip "Snakebite" {venom, curare, rPois}
   (You found it on level 3 of the Lair of Beasts)

   rPois:     It protects you from poison.
Missiles
 C - 2 throwing nets
Armour
 k - a +1 pair of gloves (worn)
 v - a +0 cloak (worn)
 S - a +1 troll leather armour (worn) {Snorg}
 U - a +1 robe of resistance
Magical Staves
 q - a staff of conjuration (weapon)
Jewellery
 j - an amulet of regeneration
 n - an amulet of the acrobat
 s - an amulet of reflection (around neck)
 y - a +4 ring of protection (left hand)
 B - a ring of ice
 E - a +6 ring of dexterity
 H - a +4 ring of protection
 P - a ring of positive energy
 Q - a ring of protection from cold (right hand)
Wands
 o - a wand of polymorph (3)
 x - a wand of iceblast (20)
 G - a wand of flame (41)
 L - a wand of light (7)
 O - a wand of mindburst (4)
 R - a wand of charming (4)
Scrolls
 a - 2 scrolls of blinking
 d - 6 scrolls of amnesia
 e - 2 scrolls of vulnerability
 f - 2 scrolls of immolation
 g - 2 scrolls of teleportation
 h - 2 scrolls of fear
 l - a scroll of summoning
 w - a scroll of enchant weapon
 D - 5 scrolls of poison
 J - 3 scrolls of magic mapping
 K - 2 scrolls of fog
 N - 10 scrolls of identify
Potions
 b - 2 potions of magic
 c - 4 potions of brilliance
 i - 4 potions of berserk rage
 m - 3 potions of lignification
 p - 8 potions of curing
 r - 2 potions of heal wounds
 u - 7 potions of haste
 z - 2 potions of resistance
 A - a potion of invisibility
 F - 3 potions of mutation
 I - a potion of might
 M - 7 potions of ambrosia
 T - a potion of cancellation {unknown}
 V - 2 potions of degeneration {unknown}


   Skills:
 + Level 15.5 Fighting
 - Level 9.0 Armour
 - Level 2.1 Dodging
 - Level 2.0 Stealth
 + Level 10.7 Spellcasting
 - Level 8.4 Conjurations
 - Level 15.5 Fire Magic


You had 25 spell levels left.
You knew the following spells:

 Your Spells              Type           Power      Damage    Failure   Level
a - Foxfire               Conj/Fire      100%       2x1d9     1%          1
b - Scorch                Fire           100%       2d10      1%          2
c - Sticky Flame          Conj/Fire      57%        2d7       1%          4
d - Blink                 Tloc           14%        N/A       17%         2

Your spell library contained the following spells:

 Spells                   Type           Power      Damage    Failure   Level
 Olgreb's Toxic Radiance  Pois           7%         N/A       28%         4
 Momentum Strike          Conj/Tloc      56%        3d9       1%          2
 Dazzling Flash           Conj/Hex       56%        N/A       1%          3
 Hailstorm                Conj/Ice       28%        3d8       1%          3
 Ignite Poison            Fire/Tmut/Pois 22%        N/A       1%          3
 Inner Flame              Hex/Fire       29%        N/A       1%          3
 Kindle Blastsparks       Fire/Tloc/Air  44%        2d13      1%          3
 Stone Arrow              Conj/Erth      56%        3d10      1%          3
 Flame Wave               Conj/Fire      57%        2d14      1%          4
 Sandblast                Erth           14%        2d6       3%          1
 Starburst                Conj/Fire      28%        6d9       3%          6
 Iskenderun's Mystic Bla  Conj/Tloc      28%        2d7       5%          4
 Apportation              Tloc           14%        N/A       12%         1
 Summon Small Mammal      Summ           28%        N/A       12%         1
 Lightning Bolt           Conj/Air       14%        1d27      16%         5
 Lesser Beckoning         Tloc           14%        N/A       17%         2
 Passwall                 Tmut/Erth      5%         N/A       17%         2
 Airstrike                Air            3%         2d(1-17)  28%         4
 Ignition                 Fire           25%        3d8       30%         8
 Gell's Gravitas          Tloc           7%         N/A       34%         3
 Ozocubu's Armour         Ice            7%         N/A       34%         3
 Portal Projectile        Hex/Tloc       14%        N/A       34%         3
 Teleport Other           Tloc           7%         N/A       34%         3
 Tukima's Dance           Hex            7%         N/A       34%         3
 Ice Form                 Ice/Tmut       7%         N/A       75%         4
 Manifold Assault         Tloc           7%         N/A       75%         4
 Summon Lightning Spire   Summ/Air       7%         N/A       75%         4
 Alistair's Intoxication  Tmut/Pois      4%         N/A       97%         5
 Blade Hands              Tmut           3%         N/A       97%         5
 Simulacrum               Ice/Necr       3%         N/A       100%        6
 Ozocubu's Refrigeration  Ice            3%         4d8       100%        7
 Fire Storm               Conj/Fire      28%        8d7       100%        9


Dungeon Overview and Level Annotations

Branches:
Dungeon (13/15)            Temple (1/1) D:4            Lair (5/5) D:10
 Shoals (0/4) Lair:2       Spider (0/4) Lair:3          Orc (0/2) D:10
  Sewer (visited)           IceCv (visited)
  Slime: Lair:4-5    Vaults: D:13-14

Altars:
Ashenzari
Cheibriados
Dithmenos
Elyvilon
Fedhas
Gozag
Hepliaklqana
Kikubaaqudgha
Makhleb
Nemelex Xobeh
Okawaru
Qazlal
Ru
Sif Muna
Trog
Uskayaw
Vehumet
Wu Jian
Xom
Yredelemnul
Zin
The Shining One

Shops:
D:6 *

Annotations:
D:7 jimonade's ghost, novice OgWr
Lair:5 Kirke


Innate Abilities, Weirdness & Mutations

You have a beak for a mouth.
You have claws for feet.
Your magical nature lets you fly swiftly and evasively.
You are dopey. (Int -2)
You are strong-willed. (Will+)


Message History

The yak is almost dead.
The foxfire hits the yak.
The yak is almost dead.
The cane toad stings you.
The yak gores you! x2; The yak barely misses you.
You feel a surge of power!
You conjure some foxfire!
You feel sick.
The foxfire hits the yak.
You kill the yak!
Vehumet accepts your kill. The cane toad stings you!
You are more poisoned.
The cane toad poisons you! The yak gores you but does no damage.
The yak misses you.
Casting: Foxfire (safe; 1% risk of failure)
Confirm with . or Enter, or press ? or * to list all spells.
Aiming: Sticky Flame (safe; 1% risk of failure)
Press: ? - help, Shift-Dir - straight line, f - cane toad
Aim: a cane toad (lightly wounded)
You feel a surge of power!
The sticky flame hits the cane toad but does no damage.
The cane toad is lightly wounded.
The cane toad is covered in liquid flames!
You feel extremely sick.
The cane toad burns!
The foxfire hits the yak.
You kill the yak!
Vehumet accepts your kill.
You feel your power returning.
The foxfire hits the cane toad but does no damage.
The cane toad is moderately wounded.
The foxfire hits the yak.
The yak is lightly wounded.
The cane toad stings you.
You are lethally poisoned!
The cane toad poisons you! You block the yak's attack.
The cane toad stings you but does no damage.
The cane toad attacks as you move away! The cane toad stings you!!
* * * LOW HITPOINT WARNING * * *
x2 You feel extremely sick.
The cane toad burns!
Found a sedimented emerald potion.
You die...

.~........~~.#≈~~≈#.$.#
≈~~~~~~~~~~.~~~.~≈#..##
~≈~~~≈~~.~.~.≈~≈≈~....##
≈~~~~.~~~~~~~~≈~~.......
≈~~~.~.~~~.≈~~~≈~~......
≈≈#~....~..~~...........
≈##.......##..#.........
..### #.Y.§#.†..... .#
#..F.@.......
.......†§........
.....†...........
.................
.........P......P
P..#...#.............!
......................
#.....!................
.................


You could see a yak and a cane toad (burning).

Vanquished Creatures
  A frost giant (IceCv)
  Snorg (D:12)
  3 hydras
  2 boulder beetles (D:11)
  13 death yaks
  6 two-headed ogres
  Lodul (D:12)
  A deep elf pyromancer (D:12)
  An oklob plant (Lair:2)
  A manticore (D:12)
  An ugly thing (IceCv)
  A cyclops (D:11)
  8 black mambas
  10 elephants
  2 unseen horrors
  An ice statue (IceCv)
  A torpor snail (Lair:3)
  A gargoyle (D:9)
  3 cane toads
  6 rime drakes
  7 komodo dragons
  6 trolls
  7 polar bears
  An unseen horror skeleton (D:7)
  A queen bee (D:9)
  Grinder (D:6)
  A snapping turtle (Lair:2)
  3 blink frogs (Lair:2)
  A slime creature (D:7)
  3 jumping spiders (Lair:3)
  5 shadows
  A culicivora (Lair:3)
  A spriggan (Lair:3)
  8 wyverns
  54 yaks
  3 wraiths
  4 basilisks
  3 steam dragons
  7 vampire mosquitoes
  Menkaure (D:6)
  An acid dragon (D:9)
  Duvessa (D:5)
  23 water moccasins
  6 orc warriors
  A sky beast (D:7)
  2 ice beasts
  3 black bears
  10 ogres
  10 centaurs
  16 wolves
  2 phantoms
  10 bullfrogs
  2 scorpions
  3 gnoll sergeants
  3 necrophages
  Dowan (D:5)
  7 wights
  30 killer bees
  A troll zombie (D:10)
  A centaur zombie (D:7)
  4 howler monkeys
  2 jellies
  5 hounds
  A gnoll bouda (D:9)
  4 orc priests
  3 orc wizards
  5 iguanas
  Ijyb (D:2)
  5 ogre zombies (D:10)
  21 gnolls
  A river rat (D:4)
  11 adders
  2 shadow imps
  14 white imps
  3 ufetubi
  2 worms
  3 dart slugs
  30 orcs
  5 ball pythons
  9 endoplasms
  5 giant cockroaches
  9 hobgoblins
  10 jackals
  7 quokkas
  9 bats
  4 frilled lizards
  8 goblins
  2 goblin skeletons (D:10)
  2 goblin zombies (D:10)
  A hobgoblin skeleton (D:10)
  3 hobgoblin zombies (D:10)
  12 kobolds
  An orc skeleton (D:10)
  10 orc zombies (D:10)
  12 rats
541 creatures vanquished.

Vanquished Creatures (collateral kills)
  A rime drake (IceCv)
  A yak (IceCv)
  24 foxfires
26 creatures vanquished.

Vanquished Creatures (others)
  A deep elf pyromancer (D:12)
  An elephant (Lair:1)
  A bush (D:10)
  2989 foxfires
  28 fungi
  57 plants
3077 creatures vanquished.

Grand Total: 3644 creatures vanquished

Notes
Turn   | Place    | Note
-------+----------+-------------------------------------------
     0 | D:1      | cforsyth the Tengu Fire Elementalist began the quest for
                  | the Orb.
     0 | D:1      | Reached XP level 1. HP: 10/10 MP: 4/4
   236 | D:1      | Got Catixit's Directory of Exothermic Places
   322 | D:1      | Reached XP level 2. HP: 15/15 MP: 1/6
   768 | D:1      | Reached XP level 3. HP: 19/19 MP: 0/7
  2295 | D:3      | Reached XP level 4. HP: 24/24 MP: 4/9
  2298 | D:3      | Identified the +1 sling "Neegysim" {heavy, *Slow rF+ rC-
                  | Int+7}
  2528 | D:3      | Found the +8 trident of the Octopus King {venom, rElec
                  | rPois}
  2693 | D:3      | Noticed Ijyb
  2980 | D:2      | Killed Ijyb
  3162 | D:3      | Gained mutation: Your magical nature lets you fly swiftly
                  | and evasively. [Tengu growth]
  3162 | D:3      | Reached XP level 5. HP: 28/28 MP: 5/10
  3545 | D:3      | Found a faded altar of an unknown god.
  3857 | D:4      | Reached XP level 6. HP: 32/32 MP: 4/12
  3882 | D:4      | Found a glowing drain.
  3889 | Sewer    | Entered a sewer
  3973 | Sewer    | Noticed a water moccasin
  4101 | Sewer    | Learned a level 2 spell: Scorch
  4128 | Sewer    | Killed a water moccasin
  4129 | Sewer    | Reached skill level 5 in Conjurations
  4129 | Sewer    | Reached skill level 5 in Fire Magic
  4129 | Sewer    | Gained mutation: You are dopey. (Int -2) [potion of
                  | mutation]
  4129 | Sewer    | Gained mutation: You are strong-willed. (Will+) [potion of
                  | mutation]
  4129 | Sewer    | HP: 1/32 [poisoned by a water moccasin]
  4519 | D:4      | Found a staircase to the Ecumenical Temple.
  4528 | Temple   | Entered the Ecumenical Temple
  4528 | Temple   | Found a transporter.
  4528 | Temple   | Found a transporter.
  4530 | Temple   | Found a transporter.
  4530 | Temple   | Found a transporter.
  4554 | Temple   | Became a worshipper of Vehumet
  4682 | D:4      | Reached XP level 7. HP: 36/36 MP: 1/14
  4828 | D:4      | Found a hide-covered altar of Uskayaw.
  5453 | D:5      | Entered Level 5 of the Dungeon
  5453 | D:5      | Noticed Duvessa
  5453 | D:5      | Noticed Dowan
  5719 | D:5      | Learned a level 4 spell: Sticky Flame
  5780 | D:6      | Found Gozag's Platinum Reserve.
  5782 | D:6      | Found an opulent altar of Gozag.
  5785 | D:6      | Noticed Grinder
  5795 | D:6      | Killed Grinder
  5929 | D:5      | Reached XP level 8. HP: 41/41 MP: 5/16
  6023 | D:5      | Found a shimmering blue altar of Sif Muna.
  6038 | D:5      | Reached skill level 5 in Spellcasting
  6110 | D:5      | Got Sif Muna's Compilation of Mustering
  6213 | D:5      | Killed Duvessa
  6359 | D:6      | Identified the +9 dagger of Dyqimakk {pain, Stlth+}
  6396 | D:6      | Noticed a troll
  6398 | D:6      | Noticed Menkaure
  6429 | D:6      | Killed a troll
  6711 | D:6      | Killed Menkaure
  6852 | D:6      | Reached XP level 9. HP: 46/46 MP: 11/19
  6855 | D:6      | Reached skill level 1 in Armour
  6858 | D:6      | Reached skill level 1 in Fighting
  7079 | D:5      | Killed Dowan
  7079 | D:5      | Reached * piety under Vehumet
  7079 | D:5      | Offered knowledge of Magic Dart by Vehumet.
  7154 | D:5      | Learned a level 2 spell: Blink
  8086 | D:5      | Found a white marble altar of Elyvilon.
  8951 | D:7      | Found a runed translucent gate.
  8951 | D:7      | Found a runed translucent gate.
  8951 | D:7      | Found a runed translucent gate.
  8952 | D:7      | Noticed jimonade's ghost (novice OgWr)
  9037 | D:7      | Reached skill level 5 in Armour
  9037 | D:7      | Reached XP level 10. HP: 58/58 MP: 8/20
  9430 | D:7      | Reached skill level 5 in Fighting
 10124 | D:7      | Reached skill level 10 in Fire Magic
 10849 | D:8      | Reached ** piety under Vehumet
 10849 | D:8      | Offered knowledge of Searing Ray by Vehumet.
 11359 | D:8      | Found a basalt altar of Yredelemnul.
 11758 | D:9      | Noticed a two-headed ogre
 11766 | D:9      | Killed a two-headed ogre
 11767 | D:9      | Reached XP level 11. HP: 56/67 MP: 15/21
 11903 | D:9      | Found a large runed translucent door.
 11907 | D:9      | Found a large runed translucent door.
 12445 | D:9      | Offered knowledge of Frozen Ramparts by Vehumet.
 13297 | D:9      | Reached *** piety under Vehumet
 13737 | D:9      | Found a bloodstained altar of Trog.
 13740 | D:9      | Found a shadowy altar of Dithmenos.
 13754 | D:10     | Entered Level 10 of the Dungeon
 14298 | D:10     | Offered knowledge of Mephitic Cloud by Vehumet.
 15496 | D:10     | Found a staircase to the Lair.
 15523 | D:10     | Reached **** piety under Vehumet
 15533 | D:10     | Offered knowledge of Irradiate by Vehumet.
 15780 | D:10     | Found a staircase to the Orcish Mines.
 16500 | D:11     | Noticed a boulder beetle
 16502 | D:11     | Noticed a two-headed ogre
 16524 | D:11     | Killed a boulder beetle
 16580 | D:11     | Reached XP level 12. HP: 76/76 MP: 18/22
 16813 | D:11     | Noticed a boulder beetle
 16844 | D:11     | Killed a boulder beetle
 17183 | D:11     | Reached skill level 10 in Fighting
 17235 | D:11     | Noticed a two-headed ogre
 17243 | D:11     | Killed a two-headed ogre
 17700 | D:11     | Killed a two-headed ogre
 18253 | D:12     | Noticed Snorg
 18293 | D:12     | Killed Snorg
 18479 | D:12     | Noticed a two-headed ogre
 18483 | D:12     | Killed a two-headed ogre
 18513 | D:12     | Noticed a two-headed ogre
 18513 | D:12     | Noticed a boulder beetle
 18700 | D:12     | Noticed a seven-headed hydra
 18705 | D:12     | Noticed a two-headed ogre
 18707 | D:12     | Noticed a two-headed ogre
 18712 | D:12     | Killed a seven-headed hydra
 18718 | D:12     | Killed a two-headed ogre
 18724 | D:12     | Killed a two-headed ogre
 19154 | D:12     | Noticed Lodul
 19177 | D:12     | Reached XP level 13. HP: 59/85 MP: 16/23
 19189 | D:12     | Killed Lodul
 19864 | D:13     | Reached ***** piety under Vehumet
 19864 | D:13     | Offered knowledge of Freezing Cloud by Vehumet.
 19870 | D:13     | Found a frozen archway.
 19921 | IceCv    | Entered an ice cave
 19932 | IceCv    | Reached skill level 15 in Fire Magic
 21107 | IceCv    | Noticed a frost giant
 21225 | IceCv    | Killed a frost giant
 23264 | Lair:1   | Entered Level 1 of the Lair of Beasts
 24897 | Lair:2   | Reached XP level 14. HP: 72/95 MP: 15/27
 25187 | Lair:2   | Found a staircase to the Shoals.
 26491 | Lair:2   | Offered knowledge of Olgreb's Toxic Radiance by Vehumet.
 26841 | Lair:3   | Found a radiant altar of Vehumet.
 27297 | Lair:3   | Reached skill level 15 in Fighting
 27425 | Lair:3   | Reached skill level 10 in Spellcasting
 28345 | Lair:3   | Found a hole to the Spider Nest.
 29058 | Lair:3   | Found the +8 whip "Snakebite" {venom, curare, rPois}
 29265 | Lair:4   | You are sucked into a shaft and drop 1 floor!
 29265 | Lair:5   | Entered Level 5 of the Lair of Beasts
 29265 | Lair:5   | Noticed Kirke
 29679 | Lair:4   | Succumbed to a cane toad's poison

Illustrated notes

Levels and vault maps discovered:
D:1:      lemuel_arrival_cross, layout_rooms
D:2:      layout_basic
D:3:      layout_basic, shapermc_ecumenical_altar_mp_highgroup,
          due_unseen_surprise, uniq_ijyb
D:4:      cheibrodos_thug_alley, layout_loops_ring,
          nicolae_uskayaw_murder_on_the_dancefloor,
          minmay_temple_entry_statues_pillars, lightli_sewer_entry_pipes
D:5:      kennysheep_spiral_hall, layout_rooms, lemuel_coloured_pillars_altar,
          led_sif_book, solitary_fountain, chequers_serial_rivers_micro_c,
          grunt_ministairs_15, uniq_duvessa
D:6:      nicolae_cairo_tiling, layout_rooms, nicolae_gozag_zags_fifth_avenue,
          minmay_starry_boxes, uniq_grinder, uniq_menkaure
D:7:      layout_gridville, gammafunk_ghost_necromancy, minmay_the_grid_2x2
          [minmay_the_grid_square_x, minmay_the_grid_garden,
          minmay_the_grid_dragon_a, minmay_the_grid_prize_inner_circle]
D:8:      layout_basic, general_overflow_altar
D:9:      layout_long_grid, jmf_multi_god_temple2, special_room
          [special_room_bee]
D:10:     layout_stronghold, minmay_lair_entry_grove, zombieorc1_lemuel
D:11:     layout_basic
D:12:     layout_small_grid, lightli_corner_chamber, uniq_lodul, uniq_snorg
D:13:     layout_stronghold, portal_ice_cave_entry_imps, small_statue_alley_a,
          minmay_checkered_concentric_circles
Temple:   hellmonk_temple_divided_pantheon
Lair:1:   layout_regular_city, serial_bayou_shore_a
Lair:2:   layout_cave_pods, minmay_shoals_entry_hut
Lair:3:   minmay_guarded_unrand_snakebite, layout_chaotic_city,
          spider_nest_entry_funnel_web, basic_altar,
          grunt_forest_stairs_clearing, grunt_megastairs_3,
          infiniplex_staircase_pool
Lair:4:   nzn_winding_woodlands_large [nzn_winding_woodlands_5x5_three,
          nzn_winding_woodlands_5x15_pool, nzn_winding_woodlands_5x5_default,
          nzn_winding_woodlands_center_triple_pond,
          nzn_winding_woodlands_15x15_thick_spiral,
          nzn_winding_woodlands_center_garden, nzn_winding_woodlands_5x5_cross,
          nzn_winding_woodlands_5x15_default, nzn_winding_woodlands_hourglass],
          layout_gridlike, serial_rivers, chequers_serial_rivers_micro_c,
          chequers_serial_rivers_small_b, chequers_serial_rivers_large_a,
          chequers_serial_rivers_micro_b
Lair:5:   hellmonk_lair_end_abyssal_woods, layout_regular_city, slime_entry_1,
          uniq_kirke

Skill      XL: |  1  2  3  4  5  6  7  8  9 10 11 12 13 14 |
---------------+-------------------------------------------+-----
Conjurations   | 2 3 4 5 6 8 |  8.4
Fire Magic     | 4 5 6 7 9 10 12 14 15 | 15.5
Spellcasting   | 3 4 6 8 10 | 10.7
Armour         | 5 7 9 |  9.0
Fighting       | 4 7 9 11 13 15 | 15.5
Dodging        | |  2.1
Stealth        | |  2.0

Action                     |  1- 3 |  4- 6 |  7- 9 | 10-12 | 13-15 || total
---------------------------+-------+-------+-------+-------+-------++-------
  Melee: Unarmed           |     4 |     9 |     2 |       |       ||    15
         Peck              |     1 |     3 |     1 |    11 |    39 ||    55
         Kick              |       |     6 |     5 |    15 |    58 ||    84
         Staff             |       |       |     7 |    31 |   105 ||   143
         Punch             |       |       |     1 |       |     2 ||     3
   Cast: Foxfire           |   127 |   155 |   293 |   602 |   542 ||  1719
         Scorch            |       |       |     5 |    70 |   163 ||   238
         Sticky Flame      |       |       |     5 |    79 |   129 ||   213
  Evoke: Wand              |       |       |       |     3 |    10 ||    13
    Use: Scroll            |       |     5 |     6 |    11 |     5 ||    27
         Potion            |       |     2 |       |       |       ||     2
   Stab: Sleeping          |       |       |       |       |     1 ||     1
 Armour: Robe              |     7 |     2 |     7 |       |       ||    16
         Troll leather arm |       |       |    25 |   143 |   232 ||   400
  Dodge: Dodged            |    26 |    24 |    85 |   275 |   406 ||   816
  Block: Other             |       |       |       |    74 |   120 ||   194
         Reflection        |       |       |       |     3 |     1 ||     4

Table legend: (Time is in decaauts)
 A = Elapsed time spent in this place.
 B = Non-inter-level travel time spent in this place.
 C = Inter-level travel time spent in this place.
 D = Time resting spent in this place.
 E = Time spent auto-exploring this place.
 F = Levels seen in this place.
 G = Mean time per level.
                   A        B        C        D        E       F      G
               +--------+--------+--------+--------+--------+-----+--------+
         Total |  28531 |  27712 |    819 |   3737 |  18041 |  21 | 1358.6 |
       Dungeon |  19255 |  18620 |    635 |   1423 |  13429 |  13 | 1481.2 |
        Temple |     38 |     38 |      0 |      0 |      0 |   1 |   38.0 |
          Lair |   6014 |   5830 |    184 |    528 |   3712 |   5 | 1202.8 |
         Sewer |    316 |    316 |      0 |    100 |    138 |   1 |  316.0 |
      Ice Cave |   2907 |   2907 |      0 |   1684 |    759 |   1 | 2907.0 |
               +--------+--------+--------+--------+--------+-----+--------+

Top non-repeatable levels by time:
   IceCv: 2907 daAuts
    D:10: 2454 daAuts
  Lair:3: 2330 daAuts
     D:9: 2198 daAuts
  Lair:2: 1885 daAuts
    D:12: 1676 daAuts
     D:7: 1654 daAuts
     D:4: 1634 daAuts
    D:11: 1584 daAuts
     D:5: 1492 daAuts
  Lair:1: 1490 daAuts
     D:8: 1432 daAuts
     D:2: 1254 daAuts
     D:1: 1204 daAuts
     D:3: 1173 daAuts
